Blackhawks vs Panthers

Created - 11 octobre 2023 at 12:08

Goals
1 2 3 T
Blackhawks 1 2 1 4
Panthers 0 0 1 1
Shots
1 2 3 T
Blackhawks 7 15 13 35
Panthers 8 8 17 33

GoalsPenalties
1st period
1. Blackhawks , Nikita Kucherov 7 (Nathan MacKinnon 6, Alex Tuch 6) at 4:34
Patrik Nemeth (FLO) for Hooking (Minor) at 1:00
Brett Pesce (CHI) for Hooking (Minor) at 9:33
Evander Kane (FLO) for Roughing (Minor) at 14:54
2nd period
2. Blackhawks , Alex Tuch 6 (Ivan Barbashev 5, Jack Eichel 10) at 7:33
3. Blackhawks , Nathan MacKinnon 6 (Nikita Kucherov 5, John Marino 5) at 8:03
Evander Kane (FLO) for Hooking (Minor) at 11:41
Mike Hoffman (FLO) for Hooking (Minor) at 17:55
3rd period
4. Panthers , Auston Matthews 4 (Patrik Nemeth 2, Mike Hoffman 4) at 5:04
5. Blackhawks , Nicolas Deslauriers 2 (John Marino 6, Alex Tuch 7) at 19:27
James van Riemsdyk (FLO) for Holding (Minor) at 0:50
Goalie Stats
Jacob Markstrom (CHI), 32 saves from 33 shots - (0,970), W, 8-4-0, 60:00 minutes
Charlie Lindgren (FLO), 31 saves from 35 shots - (0,886), L, 0-2-0, 60:00 minutes
3 StarsOfficial
1 - Alex Tuch (CHI)
2 - Jacob Markstrom (CHI)
3 - John Marino (CHI)
Referees : Reid Anderson and Steve Kozari
Linesman : Julien Fournier and Travis Toomey
Game Note
No Game Note
Finance
Level 1 -- Attendance: 4730 (72%) -- Ticket Income $449,350
Level 2 -- Attendance: 4767 (82%) -- Ticket Income $238,350
Level 3 -- Attendance: 4045 (74%) -- Ticket Income $72,810
Level 4 -- Attendance: 4131 (79%) -- Ticket Income $41,310
Luxury Box -- Attendance: 977 (81%) -- Ticket Income $170,975
Game was played at the Office Depot Center.
Total Attendance: 18650 (77%)
Total Ticket Income: $972,795
Other Income: $291,838
Total Income: $1,264,633



Team Name Goals Shots Shots Attemp Shots Blocked PIM HIT PP PK FO%
Blackhawks 43561132170 / 5 (0%)054%
Panthers 133751210200 / 1 (0%)046%

Blackhawks
Player Name POS G A P +/- PIM HIT SHT SB MP PP MP PP SHT PK MP PK SHT FO% FOT GA TA
Alex TuchLW/RW1232001120:554:5300:490100% 210
Alexandre CarrierD000000019:470:0000:2600% 000
Brett PesceD000-1213225:125:3500:0000% 010
Carson SoucyD0000010014:154:2000:5500% 000
Cole SillingerC000001106:050:0000:00025% 400
Erik CernakD0004010020:180:0000:5000% 001
Gabriel VilardiC/RW0000005010:260:0900:00050% 200
Ivan BarbashevC/LW0111020120:404:5300:44050% 200
Jack EichelC0111013120:244:5300:28073% 1520
John MarinoD0224002124:484:2000:5500% 001
Klim KostinLW/RW000002106:050:0000:0000% 010
Miles WoodLW000000306:050:0000:0000% 000
Nathan MacKinnonC1121014022:224:5300:58044% 2700
Nicolas DeslauriersLW/RW1011023010:360:0900:0000% 000
Nikita KucherovRW1121015122:234:5300:59050% 211
Noah HanifinD000-1014325:395:3500:5200% 000
Tanner JeannotLW/RW0001030010:360:0900:000100% 101
Valeri NichushkinLW/RW0001000221:244:5300:0000% 101
Panthers
Player Name POS G A P +/- PIM HIT SHT SB MP PP MP PP SHT PK MP PK SHT FO% FOT GA TA
Alex NewhookC/LW0000001011:240:0000:0000% 200
Auston MatthewsC1010032019:301:0505:09052% 2312
Barrett HaytonC/LW000-1040214:440:0002:07045% 1110
Cody CeciD000-1001125:431:0504:5500% 000
Evander KaneLW/RW000-1410015:430:5402:3600% 000
Evgeni MalkinC000-1005019:230:5404:11050% 1400
Jake EvansC000-101307:550:0000:00050% 200
James van RiemsdykLW/RW000-1221015:010:5400:0500% 100
Jeremy LauzonD000-2000110:190:0000:5200% 001
Jordan EberleRW0000025114:211:0500:000100% 101
Karson KuhlmanRW000-201008:080:0000:0000% 000
Matt GrzelcykD0000001325:000:5405:0100% 010
Mike HoffmanLW0110203115:100:0000:3800% 110
Patrik NemethD0110223124:540:5404:0800% 000
Scott MayfieldD000-1021125:331:0504:5400% 012
Steven LorentzC/LW/RW000-100107:550:0000:0000% 000
Taylor HallLW000-1026019:501:0505:0400% 100
Tobias BjornfotD000-200019:270:0000:0000% 000

Blackhawks

5 vs 5 Forward
Line #Left WingCenterRight WingPHYDFOFWanted %Time %Time Play
1Valeri NichushkinNathan MacKinnonNikita Kucherov1134037%17:52
2Ivan BarbashevJack EichelAlex Tuch1133532%15:23
3Nicolas DeslauriersGabriel VilardiTanner Jeannot1222018%8:46
4Miles WoodCole SillingerKlim Kostin122513%6:05
5 vs 5 Defense
Line #DefenseDefensePHYDFOFWanted %Time %Time Play
1Noah HanifinBrett Pesce0324041%19:38
2John MarinoErik Cernak0324041%19:33
3Carson SoucyAlexandre Carrier0322019%8:55
4Noah HanifinBrett Pesce03200%0:00
Power Play Forward
Line #Left WingCenterRight WingPHYDFOFWanted %Time %Time Play
1Valeri NichushkinNathan MacKinnonNikita Kucherov0146051%5:01
2Ivan BarbashevJack EichelAlex Tuch0144049%4:54
Power Play Defense
Line #DefenseDefensePHYDFOFWanted %Time %Time Play
1Noah HanifinBrett Pesce1226056%5:35
2John MarinoCarson Soucy1224044%4:20
Penalty Kill 4 Players Forward
Line #CenterWingPHYDFOFWanted %Time %Time Play
1Nathan MacKinnonNikita Kucherov0326076%1:31
2Jack EichelAlex Tuch0324024%0:28
Penalty Kill 4 Players Defense
Line #DefenseDefensePHYDFOFWanted %Time %Time Play
1Noah HanifinBrett Pesce1406054%1:04
2John MarinoCarson Soucy1404046%0:55
Penalty Kill 3 Players
Line #WingPHYDFOFWanted %Time %Time PlayDefenseDefensePHYDFOFWanted %Time %Time Play
1Nathan MacKinnon032600%0:00 Noah HanifinBrett Pesce140600%0:00
2Jack Eichel032400%0:00 John MarinoCarson Soucy140400%0:00
4 vs 4 Forward
Line #CenterWingPHYDFOFWanted %Time %Time Play
1Nathan MacKinnonNikita Kucherov032600%0:00
2Jack EichelAlex Tuch032400%0:00
4 vs 4 Defense
Line #DefensePHYDFOFWanted %Time %Time Play
1Noah HanifinBrett Pesce032600%0:00
2John MarinoCarson Soucy032400%0:00
Last Minutes Offensive
Left WingCenterRight WingDefenseDefense
Alex TuchNathan MacKinnonNikita KucherovNoah HanifinBrett Pesce
Last Minutes Defensive
Left WingCenterRight WingDefenseDefense
Alex TuchNathan MacKinnonNikita KucherovNoah HanifinBrett Pesce
Time
Total ForwardTotal DefenseLast Minutes OffensiveLast Minutes Defensive
60:00 60:00 0:000:00
Extra Forwards
Normal PowerPlayPenalty Kill
Ivan Barbashev, Jack Eichel, Tanner JeannotIvan Barbashev, Jack EichelIvan Barbashev
Extra Defensemen
Normal PowerPlayPenalty Kill
Carson Soucy, Erik Cernak, Alexandre CarrierCarson Soucy, Carson SoucyErik Cernak
Penalty Shots
Nathan MacKinnon, Nikita Kucherov, Alex Tuch, Valeri Nichushkin, Ivan Barbashev
Goalie
Jacob Markstrom, Jake Allen
Scratches
Jordan Harris (Healthy)

Panthers

5 vs 5 Forward
Line #Left WingCenterRight WingPHYDFOFWanted %Time %Time Play
1Mike HoffmanAuston MatthewsJordan Eberle0143030%14:15
2Taylor HallEvgeni MalkinJames van Riemsdyk0143030%14:32
3Alex NewhookBarrett HaytonEvander Kane0232524%11:24
4Steven LorentzJake EvansKarson Kuhlman1311516%7:55
5 vs 5 Defense
Line #DefenseDefensePHYDFOFWanted %Time %Time Play
1Cody CeciScott Mayfield0323941%19:34
2Matt GrzelcykPatrik Nemeth0323840%19:05
3Jeremy LauzonTobias Bjornfot0322020%9:27
4Cody CeciScott Mayfield03230%0:00
Power Play Forward
Line #Left WingCenterRight WingPHYDFOFWanted %Time %Time Play
1Taylor HallAuston MatthewsJordan Eberle0145555%1:05
2Evander KaneEvgeni MalkinJames van Riemsdyk0144545%0:54
Power Play Defense
Line #DefenseDefensePHYDFOFWanted %Time %Time Play
1Cody CeciScott Mayfield0235555%1:05
2Matt GrzelcykPatrik Nemeth0234545%0:54
Penalty Kill 4 Players Forward
Line #CenterWingPHYDFOFWanted %Time %Time Play
1Auston MatthewsTaylor Hall0415557%5:38
2Evgeni MalkinEvander Kane0414543%4:17
Penalty Kill 4 Players Defense
Line #DefenseDefensePHYDFOFWanted %Time %Time Play
1Cody CeciScott Mayfield0505549%4:54
2Matt GrzelcykPatrik Nemeth0504551%5:01
Penalty Kill 3 Players
Line #WingPHYDFOFWanted %Time %Time PlayDefenseDefensePHYDFOFWanted %Time %Time Play
1Auston Matthews050600%0:00 Cody CeciScott Mayfield050600%0:00
2Evgeni Malkin050400%0:00 Matt GrzelcykPatrik Nemeth050400%0:00
4 vs 4 Forward
Line #CenterWingPHYDFOFWanted %Time %Time Play
1Auston MatthewsTaylor Hall014500%0:00
2Evgeni MalkinEvander Kane014500%0:00
4 vs 4 Defense
Line #DefensePHYDFOFWanted %Time %Time Play
1Cody CeciScott Mayfield032500%0:00
2Matt GrzelcykPatrik Nemeth032500%0:00
Last Minutes Offensive
Left WingCenterRight WingDefenseDefense
Taylor HallAuston MatthewsJordan EberleCody CeciScott Mayfield
Last Minutes Defensive
Left WingCenterRight WingDefenseDefense
Taylor HallAuston MatthewsJordan EberleCody CeciScott Mayfield
Time
Total ForwardTotal DefenseLast Minutes OffensiveLast Minutes Defensive
60:00 60:00 0:000:00
Extra Forwards
Normal PowerPlayPenalty Kill
Barrett Hayton, Evander Kane, James van RiemsdykBarrett Hayton, Evander KaneBarrett Hayton
Extra Defensemen
Normal PowerPlayPenalty Kill
Patrik Nemeth, Jeremy Lauzon, Tobias BjornfotPatrik Nemeth, Patrik NemethJeremy Lauzon
Penalty Shots
Auston Matthews, Evgeni Malkin, Jordan Eberle, Taylor Hall, Barrett Hayton
Goalie
Charlie Lindgren, Adin Hill
Scratches
Devon Toews (Strained Left Knee Injury)


Play-by-Play

1st period


0:01 of 1st period - Auston Matthews wins face-off versus Nathan MacKinnon in neutral zone.
0:10 of 1st period - Snap shot by Auston Matthews.
0:10 of 1st period - Shot Blocked by Noah Hanifin.
0:36 of 1st period - Snap shot by Evgeni Malkin.
0:36 of 1st period - Stopped by Jacob Markstrom without a rebound.
0:37 of 1st period - Gabriel Vilardi wins face-off versus Barrett Hayton in Blackhawks zone.
1:00 of 1st period - Minor Penalty to Patrik Nemeth for Hooking.
1:01 of 1st period - Nathan MacKinnon wins face-off versus Auston Matthews in Panthers zone.
1:06 of 1st period - Snap shot by Nikita Kucherov.
1:06 of 1st period - Shot Misses the Net.
3:00 of 1st period - Penalty to Patrik Nemeth is over, Patrik Nemeth is back on ice.
3:01 of 1st period - Icing by Taylor Hall.
3:02 of 1st period - Barrett Hayton wins face-off versus Gabriel Vilardi in Panthers zone.
3:07 of 1st period - Patrik Nemeth is hit by Tanner Jeannot and loses puck.
3:44 of 1st period - Slapshot by Noah Hanifin.
3:44 of 1st period - Stopped by Charlie Lindgren with a rebound.
3:46 of 1st period - Snap shot by Nicolas Deslauriers.
3:46 of 1st period - Shot Hit the Post.
3:50 of 1st period - Snap shot by Gabriel Vilardi.
3:50 of 1st period - Shot Misses the Net.
3:52 of 1st period - Slapshot by Brett Pesce.
3:52 of 1st period - Stopped by Charlie Lindgren with a rebound.
3:54 of 1st period - Snap shot by Nicolas Deslauriers.
3:54 of 1st period - Deflect By Gabriel Vilardi.
3:54 of 1st period - Stopped by Charlie Lindgren with a rebound.
3:56 of 1st period - Backhand shot by Brett Pesce.
3:56 of 1st period - Stopped by Charlie Lindgren without a rebound.
3:57 of 1st period - Alex Tuch wins face-off versus Evgeni Malkin in Panthers zone.
4:34 of 1st period - Slapshot by Nikita Kucherov.
4:34 of 1st period - Goal by Nikita Kucherov - Blackhawks : 1 - Panthers : 0.
4:35 of 1st period - Evgeni Malkin wins face-off versus Jack Eichel in neutral zone.
4:50 of 1st period - Snap shot by Evgeni Malkin.
4:50 of 1st period - Shot Blocked by Alex Tuch.
5:02 of 1st period - Matt Grzelcyk is hit by Tanner Jeannot and loses puck.
5:25 of 1st period - Valeri Nichushkin is hit by Karson Kuhlman and loses puck.
5:30 of 1st period - Slapshot by Jake Evans.
5:30 of 1st period - Shot Misses the Net.
5:34 of 1st period - Slapshot by Matt Grzelcyk.
5:34 of 1st period - Shot Misses the Net.
5:36 of 1st period - Wrist shot by Steven Lorentz.
5:36 of 1st period - Stopped by Jacob Markstrom with a rebound.
6:09 of 1st period - Icing by John Marino.
6:10 of 1st period - Jack Eichel wins face-off versus Evgeni Malkin in Blackhawks zone.
6:15 of 1st period - Slapshot by Taylor Hall.
6:15 of 1st period - Shot Misses the Net.
6:17 of 1st period - Wrist shot by Taylor Hall.
6:17 of 1st period - Shot Misses the Net.
6:19 of 1st period - Snap shot by Taylor Hall.
6:19 of 1st period - Shot Misses the Net.
6:21 of 1st period - Slapshot by Taylor Hall.
6:21 of 1st period - Shot Blocked by Ivan Barbashev.
6:23 of 1st period - Backhand shot by Taylor Hall.
6:23 of 1st period - Shot Blocked by Jack Eichel.
6:25 of 1st period - Slapshot by Jeremy Lauzon.
6:25 of 1st period - Shot Misses the Net.
6:27 of 1st period - Wrist shot by Taylor Hall.
6:27 of 1st period - Stopped by Jacob Markstrom without a rebound.
6:28 of 1st period - Nathan MacKinnon wins face-off versus Barrett Hayton in Blackhawks zone.
6:39 of 1st period - Wrist shot by Alex Newhook.
6:39 of 1st period - Shot Misses the Net.
6:57 of 1st period - Snap shot by Taylor Hall.
6:57 of 1st period - Stopped by Jacob Markstrom with a rebound.
7:25 of 1st period - Wrist shot by Mike Hoffman.
7:25 of 1st period - Stopped by Jacob Markstrom without a rebound.
7:26 of 1st period - Jack Eichel wins face-off versus Barrett Hayton in Blackhawks zone.
7:36 of 1st period - Snap shot by Ivan Barbashev.
7:36 of 1st period - Shot Misses the Net.
8:23 of 1st period - Slapshot by John Marino.
8:23 of 1st period - Shot Misses the Net.
8:25 of 1st period - Slapshot by John Marino.
8:25 of 1st period - Deflect By Gabriel Vilardi.
8:25 of 1st period - Shot Hit the Post.
8:25 of 1st period - Puck is out of play.
8:26 of 1st period - Auston Matthews wins face-off versus Nathan MacKinnon in Panthers zone.
9:01 of 1st period - Wrist shot by Evander Kane.
9:01 of 1st period - Shot Blocked by Brett Pesce.
9:21 of 1st period - Snap shot by Steven Lorentz.
9:21 of 1st period - Shot Misses the Net.
9:33 of 1st period - Minor Penalty to Brett Pesce for Hooking.
9:34 of 1st period - Auston Matthews wins face-off versus Nathan MacKinnon in Blackhawks zone.
10:13 of 1st period - Jack Eichel is hit by Taylor Hall and loses puck.
11:33 of 1st period - Penalty to Brett Pesce is over, Brett Pesce is back on ice.
11:36 of 1st period - James van Riemsdyk is hit by Nicolas Deslauriers and loses puck.
11:43 of 1st period - Snap shot by Gabriel Vilardi.
11:43 of 1st period - Shot Misses the Net.
11:45 of 1st period - Wrist shot by Gabriel Vilardi.
11:45 of 1st period - Deflect By Evander Kane.
11:45 of 1st period - Stopped by Charlie Lindgren with a rebound.
11:59 of 1st period - Jeremy Lauzon is hit by Klim Kostin and loses puck.
12:06 of 1st period - Snap shot by Jake Evans.
12:06 of 1st period - Deflect By Karson Kuhlman.
12:06 of 1st period - Shot Blocked by Alexandre Carrier.
12:06 of 1st period - Puck is out of play.
12:07 of 1st period - Jake Evans wins face-off versus Cole Sillinger in Blackhawks zone.
12:16 of 1st period - Snap shot by Steven Lorentz.
12:16 of 1st period - Shot Misses the Net.
12:38 of 1st period - Snap shot by Jordan Eberle.
12:38 of 1st period - Stopped by Jacob Markstrom with a rebound.
12:54 of 1st period - Alex Newhook is hit by Jack Eichel and loses puck.
13:16 of 1st period - Wrist shot by Nicolas Deslauriers.
13:16 of 1st period - Stopped by Charlie Lindgren with a rebound.
13:18 of 1st period - Wrist shot by Gabriel Vilardi.
13:18 of 1st period - Shot Misses the Net.
13:20 of 1st period - Snap shot by John Marino.
13:20 of 1st period - Shot Misses the Net.
13:37 of 1st period - Slapshot by Cody Ceci.
13:37 of 1st period - Stopped by Jacob Markstrom with a rebound.
13:56 of 1st period - Slapshot by Jordan Eberle.
13:56 of 1st period - Stopped by Jacob Markstrom without a rebound.
13:57 of 1st period - Auston Matthews wins face-off versus Nathan MacKinnon in Blackhawks zone.
14:04 of 1st period - Snap shot by Auston Matthews.
14:04 of 1st period - Shot Misses the Net.
14:07 of 1st period - Icing by Nathan MacKinnon.
14:08 of 1st period - Barrett Hayton wins face-off versus Nathan MacKinnon in Blackhawks zone.
14:13 of 1st period - Snap shot by Alex Newhook.
14:13 of 1st period - Shot Blocked by Brett Pesce.
14:25 of 1st period - Alex Newhook is hit by Noah Hanifin and loses puck.
14:54 of 1st period - Minor Penalty to Evander Kane for Roughing.
14:55 of 1st period - Jack Eichel wins face-off versus Auston Matthews in Panthers zone.
16:54 of 1st period - Penalty to Evander Kane is over, Evander Kane is back on ice.
17:22 of 1st period - Wrist shot by Erik Cernak.
17:22 of 1st period - Shot Blocked by Patrik Nemeth.
17:57 of 1st period - Carson Soucy is hit by Auston Matthews and loses puck.
18:59 of 1st period - Snap shot by Jordan Eberle.
18:59 of 1st period - Shot Misses the Net.
19:22 of 1st period - Alexandre Carrier is hit by Barrett Hayton and loses puck.
19:31 of 1st period - Snap shot by Alex Newhook.
19:31 of 1st period - Shot Misses the Net.
19:48 of 1st period - Brett Pesce is hit by Scott Mayfield and loses puck.
Goals for this period are 1 for Blackhawks vs 0 for Panthers.
Shots for this period are 7 for Blackhawks vs 8 for Panthers.

2nd period


0:01 of 2nd period - Ivan Barbashev wins face-off versus Auston Matthews in neutral zone.
0:47 of 2nd period - Brett Pesce is hit by Barrett Hayton and loses puck.
1:19 of 2nd period - Slapshot by Noah Hanifin.
1:19 of 2nd period - Stopped by Charlie Lindgren without a rebound.
1:20 of 2nd period - Auston Matthews wins face-off versus Valeri Nichushkin in Panthers zone.
1:29 of 2nd period - Nikita Kucherov is hit by Auston Matthews and loses puck.
1:40 of 2nd period - Alexandre Carrier is hit by Jordan Eberle and loses puck.
2:16 of 2nd period - Snap shot by Evgeni Malkin.
2:16 of 2nd period - Shot Misses the Net.
2:26 of 2nd period - Wrist shot by James van Riemsdyk.
2:26 of 2nd period - Deflect By Evgeni Malkin.
2:26 of 2nd period - Stopped by Jacob Markstrom without a rebound.
2:27 of 2nd period - Nathan MacKinnon wins face-off versus Auston Matthews in Blackhawks zone.
3:00 of 2nd period - Noah Hanifin is hit by Scott Mayfield and loses puck.
4:08 of 2nd period - Wrist shot by Jake Evans.
4:08 of 2nd period - Stopped by Jacob Markstrom with a rebound.
4:10 of 2nd period - Wrist shot by Jake Evans.
4:10 of 2nd period - Stopped by Jacob Markstrom without a rebound.
4:11 of 2nd period - Jack Eichel wins face-off versus Auston Matthews in Blackhawks zone.
4:44 of 2nd period - Evgeni Malkin is hit by Nikita Kucherov and loses puck.
5:43 of 2nd period - Snap shot by Nathan MacKinnon.
5:43 of 2nd period - Stopped by Charlie Lindgren without a rebound.
5:44 of 2nd period - Jack Eichel wins face-off versus Evgeni Malkin in Panthers zone.
6:01 of 2nd period - Slapshot by Alex Tuch.
6:01 of 2nd period - Shot Blocked by Matt Grzelcyk.
6:11 of 2nd period - Jordan Eberle is hit by Erik Cernak and loses puck.
6:22 of 2nd period - Snap shot by Gabriel Vilardi.
6:22 of 2nd period - Stopped by Charlie Lindgren without a rebound.
6:23 of 2nd period - Jack Eichel wins face-off versus Taylor Hall in Panthers zone.
6:37 of 2nd period - Off-side.
6:38 of 2nd period - Jack Eichel wins face-off versus Mike Hoffman in neutral zone.
6:45 of 2nd period - Jack Eichel is hit by Patrik Nemeth and loses puck.
7:04 of 2nd period - Backhand shot by James van Riemsdyk.
7:04 of 2nd period - Shot Blocked by John Marino.
7:06 of 2nd period - Slapshot by Scott Mayfield.
7:06 of 2nd period - Stopped by Jacob Markstrom without a rebound.
7:07 of 2nd period - Evgeni Malkin wins face-off versus Nathan MacKinnon in Blackhawks zone.
7:11 of 2nd period - Icing by Nikita Kucherov.
7:12 of 2nd period - Auston Matthews wins face-off versus Nathan MacKinnon in Blackhawks zone.
7:27 of 2nd period - Slapshot by Noah Hanifin.
7:27 of 2nd period - Stopped by Charlie Lindgren without a rebound.
7:28 of 2nd period - Alex Tuch wins face-off versus Evgeni Malkin in Panthers zone.
7:33 of 2nd period - Snap shot by Alex Tuch.
7:33 of 2nd period - Goal by Alex Tuch - Blackhawks : 2 - Panthers : 0.
7:34 of 2nd period - Evgeni Malkin wins face-off versus Jack Eichel in neutral zone.
7:37 of 2nd period - Wrist shot by Evgeni Malkin.
7:37 of 2nd period - Shot Misses the Net.
7:39 of 2nd period - Slapshot by Evgeni Malkin.
7:39 of 2nd period - Stopped by Jacob Markstrom with a rebound.
8:03 of 2nd period - Snap shot by Nathan MacKinnon.
8:03 of 2nd period - Goal by Nathan MacKinnon - Blackhawks : 3 - Panthers : 0.
8:04 of 2nd period - Auston Matthews wins face-off versus Nikita Kucherov in neutral zone.
8:07 of 2nd period - Snap shot by Mike Hoffman.
8:07 of 2nd period - Stopped by Jacob Markstrom with a rebound.
8:11 of 2nd period - Slapshot by Mike Hoffman.
8:11 of 2nd period - Shot Misses the Net.
8:13 of 2nd period - Slapshot by Auston Matthews.
8:13 of 2nd period - Shot Misses the Net.
8:19 of 2nd period - Wrist shot by Jordan Eberle.
8:19 of 2nd period - Shot Blocked by Nikita Kucherov.
8:21 of 2nd period - Wrist shot by Jordan Eberle.
8:21 of 2nd period - Shot Misses the Net.
9:06 of 2nd period - Slapshot by Gabriel Vilardi.
9:06 of 2nd period - Deflect By Tanner Jeannot.
9:06 of 2nd period - Shot Misses the Net.
9:06 of 2nd period - Puck is out of play.
9:07 of 2nd period - Nathan MacKinnon wins face-off versus Auston Matthews in Panthers zone.
10:08 of 2nd period - Snap shot by Barrett Hayton.
10:08 of 2nd period - Shot Misses the Net.
10:18 of 2nd period - Patrik Nemeth is hit by Cole Sillinger and loses puck.
10:53 of 2nd period - Wrist shot by Auston Matthews.
10:53 of 2nd period - Deflect By Jordan Eberle.
10:53 of 2nd period - Stopped by Jacob Markstrom with a rebound.
11:07 of 2nd period - Wrist shot by Jack Eichel.
11:07 of 2nd period - Stopped by Charlie Lindgren with a rebound.
11:09 of 2nd period - Slapshot by Brett Pesce.
11:09 of 2nd period - Stopped by Charlie Lindgren without a rebound.
11:10 of 2nd period - Jack Eichel wins face-off versus Barrett Hayton in Panthers zone.
11:39 of 2nd period - Snap shot by Ivan Barbashev.
11:39 of 2nd period - Shot Blocked by Scott Mayfield.
11:41 of 2nd period - Minor Penalty to Evander Kane for Hooking.
11:42 of 2nd period - Auston Matthews wins face-off versus Nathan MacKinnon in Panthers zone.
13:41 of 2nd period - Penalty to Evander Kane is over, Evander Kane is back on ice.
14:09 of 2nd period - Wrist shot by Jake Evans.
14:09 of 2nd period - Stopped by Jacob Markstrom without a rebound.
14:10 of 2nd period - Barrett Hayton wins face-off versus Cole Sillinger in Blackhawks zone.
14:17 of 2nd period - Slapshot by Erik Cernak.
14:17 of 2nd period - Shot Blocked by Barrett Hayton.
14:19 of 2nd period - Slapshot by John Marino.
14:19 of 2nd period - Stopped by Charlie Lindgren without a rebound.
14:20 of 2nd period - Jordan Eberle wins face-off versus Nathan MacKinnon in Panthers zone.
14:49 of 2nd period - Snap shot by Jack Eichel.
14:49 of 2nd period - Shot Misses the Net.
14:51 of 2nd period - Slapshot by John Marino.
14:51 of 2nd period - Shot Blocked by Tobias Bjornfot.
14:53 of 2nd period - Snap shot by Jack Eichel.
14:53 of 2nd period - Stopped by Charlie Lindgren with a rebound.
15:08 of 2nd period - Slapshot by Noah Hanifin.
15:08 of 2nd period - Shot Blocked by Jeremy Lauzon.
15:10 of 2nd period - Wrist shot by Miles Wood.
15:10 of 2nd period - Stopped by Charlie Lindgren with a rebound.
15:12 of 2nd period - Wrist shot by Cole Sillinger.
15:12 of 2nd period - Stopped by Charlie Lindgren without a rebound.
15:13 of 2nd period - Auston Matthews wins face-off versus Cole Sillinger in Panthers zone.
15:13 of 2nd period - Auston Matthews is hit by Klim Kostin.
15:31 of 2nd period - Slapshot by Noah Hanifin.
15:31 of 2nd period - Shot Blocked by Matt Grzelcyk.
16:04 of 2nd period - Slapshot by Miles Wood.
16:04 of 2nd period - Stopped by Charlie Lindgren with a rebound.
16:06 of 2nd period - Snap shot by Miles Wood.
16:06 of 2nd period - Stopped by Charlie Lindgren with a rebound.
16:08 of 2nd period - Snap shot by Cole Sillinger.
16:08 of 2nd period - Shot Blocked by Mike Hoffman.
16:10 of 2nd period - Slapshot by Noah Hanifin.
16:10 of 2nd period - Shot Blocked by Jordan Eberle.
16:12 of 2nd period - Slapshot by Cole Sillinger.
16:12 of 2nd period - Deflect By Miles Wood.
16:12 of 2nd period - Shot Blocked by Matt Grzelcyk.
16:12 of 2nd period - Puck is out of play.
16:13 of 2nd period - Nathan MacKinnon wins face-off versus Evgeni Malkin in Panthers zone.
17:48 of 2nd period - Slapshot by Noah Hanifin.
17:48 of 2nd period - Deflect By James van Riemsdyk.
17:48 of 2nd period - Stopped by Charlie Lindgren without a rebound.
17:49 of 2nd period - Cole Sillinger wins face-off versus Auston Matthews in Panthers zone.
17:55 of 2nd period - Minor Penalty to Mike Hoffman for Hooking.
17:56 of 2nd period - Nathan MacKinnon wins face-off versus Auston Matthews in Panthers zone.
18:59 of 2nd period - Jack Eichel is hit by Evander Kane and loses puck.
19:55 of 2nd period - Penalty to Mike Hoffman is over, Mike Hoffman is back on ice.
Goals for this period are 2 for Blackhawks vs 0 for Panthers.
Shots for this period are 15 for Blackhawks vs 8 for Panthers.

3rd period


0:01 of 3rd period - Nikita Kucherov wins face-off versus Evgeni Malkin in neutral zone.
0:08 of 3rd period - Slapshot by Nikita Kucherov.
0:08 of 3rd period - Stopped by Charlie Lindgren without a rebound.
0:09 of 3rd period - Evgeni Malkin wins face-off versus Nathan MacKinnon in Panthers zone.
0:18 of 3rd period - Noah Hanifin is hit by Taylor Hall and loses puck.
0:29 of 3rd period - James van Riemsdyk is hit by Nathan MacKinnon.
0:50 of 3rd period - Minor Penalty to James van Riemsdyk for Holding.
0:51 of 3rd period - Auston Matthews wins face-off versus Jack Eichel in Panthers zone.
0:51 of 3rd period - Auston Matthews is hit by Ivan Barbashev.
1:30 of 3rd period - Nathan MacKinnon is hit by Patrik Nemeth.
2:50 of 3rd period - Penalty to James van Riemsdyk is over, James van Riemsdyk is back on ice.
2:55 of 3rd period - Steven Lorentz is hit by Tanner Jeannot and loses puck.
3:23 of 3rd period - Cole Sillinger is hit by Barrett Hayton and loses puck.
3:58 of 3rd period - Valeri Nichushkin is hit by Jake Evans and loses puck.
4:25 of 3rd period - James van Riemsdyk is hit by Ivan Barbashev and loses puck.
4:53 of 3rd period - Auston Matthews is hit by Brett Pesce and loses puck.
5:00 of 3rd period - Snap shot by Mike Hoffman.
5:00 of 3rd period - Deflect By Auston Matthews.
5:00 of 3rd period - Stopped by Jacob Markstrom with a rebound.
5:02 of 3rd period - Slapshot by Patrik Nemeth.
5:02 of 3rd period - Stopped by Jacob Markstrom with a rebound.
5:04 of 3rd period - Slapshot by Auston Matthews.
5:04 of 3rd period - Goal by Auston Matthews - Blackhawks : 3 - Panthers : 1.
5:05 of 3rd period - Nathan MacKinnon wins face-off versus Barrett Hayton in neutral zone.
5:16 of 3rd period - Snap shot by Nikita Kucherov.
5:16 of 3rd period - Deflect By Evander Kane.
5:16 of 3rd period - Stopped by Charlie Lindgren without a rebound.
5:17 of 3rd period - Nathan MacKinnon wins face-off versus Auston Matthews in Panthers zone.
5:54 of 3rd period - Snap shot by Taylor Hall.
5:54 of 3rd period - Stopped by Jacob Markstrom with a rebound.
6:08 of 3rd period - Evander Kane is hit by Nicolas Deslauriers and loses puck.
6:18 of 3rd period - Off-side.
6:19 of 3rd period - Auston Matthews wins face-off versus Nathan MacKinnon in neutral zone.
6:32 of 3rd period - Slapshot by Nathan MacKinnon.
6:32 of 3rd period - Stopped by Charlie Lindgren without a rebound.
6:33 of 3rd period - Auston Matthews wins face-off versus Nathan MacKinnon in Panthers zone.
7:04 of 3rd period - Off-side.
7:05 of 3rd period - Evgeni Malkin wins face-off versus Jack Eichel in neutral zone.
7:08 of 3rd period - John Marino is hit by James van Riemsdyk and loses puck.
7:13 of 3rd period - Snap shot by Taylor Hall.
7:13 of 3rd period - Shot Misses the Net.
7:27 of 3rd period - Slapshot by James van Riemsdyk.
7:27 of 3rd period - Stopped by Jacob Markstrom with a rebound.
7:29 of 3rd period - Snap shot by Taylor Hall.
7:29 of 3rd period - Stopped by Jacob Markstrom without a rebound.
7:30 of 3rd period - Nathan MacKinnon wins face-off versus Barrett Hayton in Blackhawks zone.
7:57 of 3rd period - Gabriel Vilardi is hit by James van Riemsdyk and loses puck.
8:24 of 3rd period - Ivan Barbashev is hit by Jordan Eberle and loses puck.
9:15 of 3rd period - Wrist shot by Gabriel Vilardi.
9:15 of 3rd period - Stopped by Charlie Lindgren without a rebound.
9:16 of 3rd period - Tanner Jeannot wins face-off versus Auston Matthews in Panthers zone.
9:17 of 3rd period - Wrist shot by Gabriel Vilardi.
9:17 of 3rd period - Stopped by Charlie Lindgren with a rebound.
9:29 of 3rd period - Snap shot by Nicolas Deslauriers.
9:29 of 3rd period - Stopped by Charlie Lindgren with a rebound.
9:35 of 3rd period - Snap shot by Tanner Jeannot.
9:35 of 3rd period - Shot Misses the Net.
9:59 of 3rd period - Wrist shot by Nikita Kucherov.
9:59 of 3rd period - Stopped by Charlie Lindgren without a rebound.
10:00 of 3rd period - Jack Eichel wins face-off versus Alex Newhook in Panthers zone.
10:12 of 3rd period - Icing by Cody Ceci.
10:13 of 3rd period - Barrett Hayton wins face-off versus Nathan MacKinnon in Panthers zone.
10:26 of 3rd period - Wrist shot by Nathan MacKinnon.
10:26 of 3rd period - Stopped by Charlie Lindgren with a rebound.
10:48 of 3rd period - Snap shot by Jordan Eberle.
10:48 of 3rd period - Stopped by Jacob Markstrom without a rebound.
10:49 of 3rd period - Evgeni Malkin wins face-off versus Nathan MacKinnon in Blackhawks zone.
10:54 of 3rd period - Wrist shot by Evgeni Malkin.
10:54 of 3rd period - Shot Misses the Net.
11:15 of 3rd period - Alex Tuch is hit by Auston Matthews and loses puck.
11:44 of 3rd period - Wrist shot by Alex Newhook.
11:44 of 3rd period - Stopped by Jacob Markstrom without a rebound.
11:45 of 3rd period - Nathan MacKinnon wins face-off versus James van Riemsdyk in Blackhawks zone.
11:58 of 3rd period - Snap shot by Evgeni Malkin.
11:58 of 3rd period - Shot Blocked by Valeri Nichushkin.
12:00 of 3rd period - Backhand shot by Cody Ceci.
12:00 of 3rd period - Shot Misses the Net.
12:20 of 3rd period - Slapshot by Patrik Nemeth.
12:20 of 3rd period - Stopped by Jacob Markstrom without a rebound.
12:21 of 3rd period - Jack Eichel wins face-off versus Auston Matthews in Blackhawks zone.
12:32 of 3rd period - Wrist shot by Mike Hoffman.
12:32 of 3rd period - Shot Misses the Net.
12:34 of 3rd period - Slapshot by Patrik Nemeth.
12:34 of 3rd period - Shot Misses the Net.
12:36 of 3rd period - Slapshot by Matt Grzelcyk.
12:36 of 3rd period - Deflect By Jack Eichel.
12:36 of 3rd period - Stopped by Jacob Markstrom with a rebound.
12:38 of 3rd period - Wrist shot by Jordan Eberle.
12:38 of 3rd period - Shot Blocked by Noah Hanifin.
13:22 of 3rd period - Wrist shot by Auston Matthews.
13:22 of 3rd period - Shot Misses the Net.
13:24 of 3rd period - Slapshot by Jordan Eberle.
13:24 of 3rd period - Stopped by Jacob Markstrom with a rebound.
13:26 of 3rd period - Slapshot by Patrik Nemeth.
13:26 of 3rd period - Stopped by Jacob Markstrom without a rebound.
13:27 of 3rd period - Nathan MacKinnon wins face-off versus Alex Newhook in Blackhawks zone.
13:44 of 3rd period - Nikita Kucherov is hit by Barrett Hayton and loses puck.
14:03 of 3rd period - Slapshot by James van Riemsdyk.
14:03 of 3rd period - Shot Misses the Net.
14:05 of 3rd period - Wrist shot by Taylor Hall.
14:05 of 3rd period - Stopped by Jacob Markstrom without a rebound.
14:06 of 3rd period - Nathan MacKinnon wins face-off versus Jake Evans in Blackhawks zone.
14:17 of 3rd period - Snap shot by Nikita Kucherov.
14:17 of 3rd period - Stopped by Charlie Lindgren with a rebound.
14:53 of 3rd period - Wrist shot by Alex Newhook.
14:53 of 3rd period - Shot Misses the Net.
15:03 of 3rd period - Snap shot by Klim Kostin.
15:03 of 3rd period - Stopped by Charlie Lindgren with a rebound.
15:39 of 3rd period - Snap shot by Jack Eichel.
15:39 of 3rd period - Stopped by Charlie Lindgren with a rebound.
16:29 of 3rd period - Slapshot by Alex Newhook.
16:29 of 3rd period - Shot Misses the Net.
17:22 of 3rd period - Barrett Hayton is hit by Carson Soucy and loses puck.
18:01 of 3rd period - Snap shot by Mike Hoffman.
18:01 of 3rd period - Shot Misses the Net.
18:03 of 3rd period - Wrist shot by Mike Hoffman.
18:03 of 3rd period - Shot Blocked by Noah Hanifin.
18:07 of 3rd period - Slapshot by Auston Matthews.
18:07 of 3rd period - Deflect By Mike Hoffman.
18:07 of 3rd period - Stopped by Jacob Markstrom with a rebound.
18:09 of 3rd period - Slapshot by Scott Mayfield.
18:09 of 3rd period - Shot Blocked by Valeri Nichushkin.
18:11 of 3rd period - Snap shot by Auston Matthews.
18:11 of 3rd period - Shot Misses the Net.
18:23 of 3rd period - Snap shot by Gabriel Vilardi.
18:23 of 3rd period - Shot Misses the Net.
18:25 of 3rd period - Wrist shot by Nicolas Deslauriers.
18:25 of 3rd period - Shot Blocked by Cody Ceci.
18:27 of 3rd period - Snap shot by Nicolas Deslauriers.
18:27 of 3rd period - Shot Misses the Net.
19:23 of 3rd period - Snap shot by Alex Tuch.
19:23 of 3rd period - Shot Blocked by Barrett Hayton.
19:25 of 3rd period - Snap shot by John Marino.
19:25 of 3rd period - Stopped by Charlie Lindgren with a rebound.
19:27 of 3rd period - Wrist shot by Nicolas Deslauriers.
19:27 of 3rd period - Goal by Nicolas Deslauriers - Blackhawks : 4 - Panthers : 1.
19:28 of 3rd period - Evgeni Malkin wins face-off versus Ivan Barbashev in neutral zone.
19:33 of 3rd period - Slapshot by Evgeni Malkin.
19:33 of 3rd period - Stopped by Jacob Markstrom with a rebound.
19:35 of 3rd period - Snap shot by Taylor Hall.
19:35 of 3rd period - Stopped by Jacob Markstrom without a rebound.
19:36 of 3rd period - Jack Eichel wins face-off versus Evgeni Malkin in Blackhawks zone.
19:49 of 3rd period - Snap shot by Evgeni Malkin.
19:49 of 3rd period - Stopped by Jacob Markstrom without a rebound.
19:50 of 3rd period - Barrett Hayton wins face-off versus Nathan MacKinnon in Blackhawks zone.
Goals for this period are 1 for Blackhawks vs 1 for Panthers.
Shots for this period are 13 for Blackhawks vs 17 for Panthers.